 Dungeon Crawl Stone Soup version 0.31.0-11-ge490571c62 (webtiles) character file.

Game seed: 4716125280915108496

99 Baz the Magician (level 5, -2/39 HPs)
             Began as a Djinni Fire Elementalist on Feb 8, 2024.
             Was an Initiate of Makhleb.
             Slain by a gnoll sergeant
             ... wielding a +6 vampiric spear
              (9 damage)
             ... on level 3 of the Dungeon.
             The game lasted 00:02:48 (1953 turns).

Baz the Magician (Djinni Fire Elementalist)         Turns: 1953, Time: 00:02:49

Health: -2/39      AC:  2    Str:  7    XL:     5   Next: 2%
Gold:   158        EV: 12    Int: 19    God:    Makhleb [......] SH:  0 Dex: 13

rFire   + + .        j - +0 dagger
rCold   x . .        (no shield)
rNeg    . . .        a - +0 robe
rPois   ∞            (no helmet)
rElec   .            (no cloak)
rCorr   .            (no gloves)
SInv    .            (boots unavailable)
Will    .....        (no amulet)
Stlth   ++           (no ring)
HPRegen 0.26/turn    (no ring)
MPRegen 0.00/turn

%: infuse magic (-3 HP)
@: flying
A: sickness immunity, fire resistance 2, cold vulnerability 1, float, innate
caster, HP casting, extra vitality 1
a: Renounce Religion


You were on level 3 of the Dungeon.
You worshipped Makhleb.
Makhleb was noncommittal.
You visited 1 branch of the dungeon, and saw 3 of its levels.

You collected 158 gold pieces.

Inventory:

Hand Weapons
 j - a +0 dagger (weapon)
Armour
 a - a +0 robe (worn)
 l - a +0 buckler
 n - a scarf of harm
Magical Staves
 i - a staff of alchemy
Jewellery
 h - a ring of protection from fire
Scrolls
 c - 2 scrolls of vulnerability {unknown}
 e - 2 scrolls of identify {unknown}
 g - a scroll of amnesia {unknown}
 k - a scroll of torment {unknown}
Potions
 b - 2 potions of curing {unknown}
 d - a potion of degeneration {unknown}
 f - a potion of enlightenment {unknown}
 m - a potion of attraction {unknown}


   Skills:
 * Level 2.5 Fighting
 - Level 2.8 Dodging
 - Level 1.5 Stealth
 + Level 0.6 Shields
 * Level 3.7 Spellcasting
 * Level 3.7 Conjurations
 * Level 3.7 Hexes
   Level 0.0 Charms
 * Level 3.7 Summonings
 * Level 3.7 Necromancy
 * Level 3.7 Translocations
   Level 0.0 Transmutations
 * Level 3.7 Fire Magic
 * Level 3.7 Ice Magic
 * Level 3.7 Air Magic
 * Level 3.7 Earth Magic
 * Level 3.7 Alchemy


You knew the following spells:

 Your Spells              Type           Power      Damage    Failure   Level
a - Foxfire               Conj/Fire      68%        2x1d7     3%          1
b - Scorch                Fire           34%        2d6       4%          2
c - Volatile Blastmotes   Fire/Tloc      34%        2d12      10%         3
d - Inner Flame           Hex/Fire       17%        N/A       10%         3
e - Flame Wave            Conj/Fire      17%        2d7       30%         4
f - Magic Dart            Conj           68%        1d6       3%          1
g - Ensorcelled Hibernat  Hex/Ice        34%        N/A       4%          2
Your spell library was empty.

Dungeon Overview and Level Annotations

Branches:
Dungeon (3/15)

Altars:
Makhleb


Innate Abilities, Weirdness & Mutations

You are immune to sickness and miasma.
You are immune to poison.
Your flesh is very heat resistant. (rF++)
You are vulnerable to cold. (rC-)
You float through the air rather than walking.
You learn spells naturally, not from books.
Your magical power is your life essence.
You have superior vitality. (+4 MHP)


Message History

You conjure some foxfire!
The foxfire hits the gnoll.
The gnoll is heavily wounded.
The foxfire hits the gnoll!
You kill the gnoll!
Makhleb accepts your kill.
You conjure some foxfire!
The foxfire hits the gnoll.
The gnoll is heavily wounded.
The foxfire hits the gnoll.
The gnoll is severely wounded.
The foxfire hits the gnoll.
The gnoll is almost dead.
You conjure some foxfire!
You hear the slow rusting of a drain nearby.
The foxfire hits the gnoll but does no damage.
The gnoll is almost dead.
Unknown command.
You conjure some foxfire!
The foxfire hits the gnoll sergeant but does no damage.
The foxfire hits the gnoll.
You kill the gnoll!
Makhleb accepts your kill.
The gnoll sergeant hits you from afar with a +6 vampiric spear!
* * * LOW HITPOINT WARNING * * *
You have reached level 5!
The power to cast Ensorcelled Hibernation wells up from within.
Spell assigned to 'g'.
The foxfire hits the gnoll sergeant but does no damage. x2
You aren't carrying any items that you can evoke.
Unknown command.
Okay, then.
Unknown command.
Casting: Foxfire (safe; 3% risk of failure)
Confirm with . or Enter, or press ? or * to list all spells.
Aiming: Ensorcelled Hibernation (safe; 4% risk of failure)
Press: ? - help, Shift-Dir - straight line, f - gnoll sergeant
Aim: a gnoll sergeant, wielding a +6 vampiric spear and wearing a +0 scale mail (chance to affect: 50%)
The gnoll sergeant resists with some effort.
* * * LOW HITPOINT WARNING * * *
The gnoll sergeant hits you from afar with a +6 vampiric spear!
You die...

♣..)..♣ ♣...♣ ♣..)♣
##### ♣♣.♣♣ #§..#### #
♣.♣#####..)......
###g##.............
#.g).........♣ ♣...
#..§§........♣♣....
#.@§.†..........♣..
#..................
#........######........
........### #........
.###.##.# ###.#..#. #.
#.# ##...## . ...
#...## #. .#. ##.###
.#) #..#


You could see a gnoll sergeant and a gnoll.

Vanquished Creatures
  3 gnolls (D:3)
  2 adders (D:2)
  2 dart slugs
  A ribbon worm (D:2)
  4 bats
  5 endoplasms
  2 giant cockroaches
  3 goblins
  5 hobgoblins
  6 jackals (D:1)
  4 kobolds
  A quokka (D:2)
  4 rats
42 creatures vanquished.

Vanquished Creatures (others)
  226 foxfires
226 creatures vanquished.

Grand Total: 268 creatures vanquished

Notes
Turn   | Place    | Note
-------+----------+-------------------------------------------
     0 | D:1      | Baz the Djinni Fire Elementalist began the quest for the
                  | Orb.
     0 | D:1      | Baz set off with the following spells memorised: Foxfire,
                  | Scorch, Volatile Blastmotes, Inner Flame, Flame Wave.
     0 | D:1      | Reached XP level 1. HP: 15/15 MP: 0/0
    26 | D:1      | Found a faded altar of an unknown god.
    77 | D:1      | Reached XP level 2. HP: 14/22 MP: 0/0
   137 | D:1      | Reached skill level 1 in Fighting
   446 | D:1      | Reached XP level 3. HP: 25/27 MP: 0/0
   446 | D:1      | Learned a level 1 spell: Magic Dart
   691 | D:2      | Found a burning altar of Makhleb.
   701 | D:2      | Became a worshipper of Makhleb the Destroyer
   946 | D:2      | Reached XP level 4. HP: 30/33 MP: 0/0
  1938 | D:3      | Noticed a gnoll sergeant
  1952 | D:3      | Reached XP level 5. HP: 9/39 MP: 0/0
  1952 | D:3      | Learned a level 2 spell: Ensorcelled Hibernation
  1953 | D:3      | Slain by a gnoll sergeant

Illustrated notes

Levels and vault maps discovered:
D:1:      lightli_arrival_isolated_outpost, layout_basic,
          hellmonk_ecumenical_altar_run_dry
D:2:      layout_basic, basic_altar
D:3:      layout_rooms, mainiacjoe_overflow_alcove_4,
          mainiacjoe_overflow_catch_the_wave, portal_sewer_entry_f,
          kennysheep_cross_bottleneck, minmay_misc_feat_room, chequers_garden,
          chequers_serial_rivers_marsh, pf_guarded_unrand_woodcutter,
          uniq_sigmund

Skill      XL: |  1  2  3  4 |
---------------+-------------+-----
Fighting       | 1 2 |  2.5
Dodging        | |  2.8
Stealth        | |  1.5
Shields        | |  0.6
Spellcasting   | |  3.7
Conjurations   | |  3.7
Hexes          | |  3.7
Summonings     | |  3.7
Necromancy     | |  3.7
Translocations | |  3.7
Fire Magic     | |  3.7
Ice Magic      | |  3.7
Air Magic      | |  3.7
Earth Magic    | |  3.7
Alchemy        | |  3.7

Action                     |  1- 3 |  4- 6 || total
---------------------------+-------+-------++-------
  Melee: Unarmed           |     1 |       ||     1
   Cast: Foxfire           |    91 |    37 ||   128
         Scorch            |       |     1 ||     1
         Ensorcelled Hiber |       |     1 ||     1
 Armour: Robe              |     1 |     4 ||     5
  Dodge: Dodged            |     1 |     8 ||     9
